 Dungeon Crawl Stone Soup version 0.28-a0-384-g9e0c098162 (webtiles) character file.

Game seed: 1749741958882264209

213 Jamsdnucbuo the Vandal (level 5, 0/69 HPs)
             Began as a Minotaur Hunter on Sept 2, 2021.
             Succumbed to a scorpion's poison
             ... on level 4 of the Dungeon.
             The game lasted 00:05:26 (2823 turns).

Jamsdnucbuo the Vandal (Minotaur Hunter)            Turns: 2823, Time: 00:05:26

Health: 0/69       AC:  7    Str: 16    XL:     5   Next: 59%
Magic:  4/4        EV: 12    Int:  8    God:
Gold:   150        SH:  0    Dex: 12    Spells: 4/4 levels left

rFire   . . .      SeeInvis .   a - +1 hunting sling
rCold   . . .      Faith    .   (no shield)
rNeg    + . .      Spirit   .   c - +0 leather armour
rPois   .          Reflect  .   (helmet restricted)
rElec   .          Harm     .   (no cloak)
rCorr   .          Rampage  .   (no gloves)
Will    .....                   (no boots)
Stlth   ..........              (no amulet)
HPRegen 0.21/turn               i - ring of positive energy
MPRegen 0.09/turn               p - +4 ring of protection

@: berserking, lethally poisoned (0 -> -11), very quick
A: horns 2, retaliatory headbutt
a: no special abilities


You were on level 4 of the Dungeon.
You visited 1 branch of the dungeon, and saw 4 of its levels.

You collected 150 gold pieces.

Inventory:

Hand Weapons
 a - a +1 hunting sling (weapon)
 b - a +0 short sword
Missiles
 d - 30 sling bullets (quivered ammo)
 g - 28 stones
Armour
 c - a +0 leather armour (worn)
Jewellery
 i - a ring of positive energy (left hand)
 l - an amulet of faith
 p - a +4 ring of protection (right hand)
Wands
 k - a wand of polymorph (10)
 n - a wand of digging (7)
Scrolls
 f - a scroll of fog
 o - a scroll of torment {unknown}
 q - a scroll of vulnerability {unknown}
Potions
 e - a potion of berserk rage
 h - a potion of invisibility {unknown}
 j - 3 potions of degeneration {unknown}
 m - a potion of curing {unknown}


   Skills:
 + Level 3.7 Fighting
 + Level 6.7 Slings
 + Level 1.8 Armour
 + Level 2.3 Dodging
 + Level 0.7 Stealth


You had 4 spell levels left.
You didn't know any spells.
Your spell library was empty.

Dungeon Overview and Level Annotations

Branches:
Dungeon (4/15)
 Temple: D:4-7

Altars:
Xom

Annotations:
D:3 Sigmund


Innate Abilities, Weirdness & Mutations

You have a pair of horns on your head.
You reflexively headbutt those who attack you in melee.


Message History

Press: ? - help, Q - select action, (/) - cycle Shift-Dir - straight line, f/p - scorpion
Aim: a scorpion (almost dead, 63% to hit)
You shoot a sling bullet. The sling bullet hits the scorpion.
You kill the scorpion!
You feel very sick.
The orc wizard hits you with a +0 dagger.
* * * LOW HITPOINT WARNING * * *
The orc closely misses you.
It was a potion of berserk rage.
A red film seems to cover your vision as you go berserk!
You feel yourself moving faster!
You feel mighty!
* * * LOW HITPOINT WARNING * * *
You feel very sick. The orc wizard closely misses you. You furiously retaliate!
You headbutt the orc wizard.
The orc hits you from afar with a +0 trident!
* * * LOW HITPOINT WARNING * * *
The orc priest barely misses you.
Unknown command.
You are too berserk!
You are too berserk!
You are too berserk!
Really attack while wielding your +1 hunting sling?
Okay, then.
You are too berserk!
Unknown command.
Unknown command.
Really attack while wielding your +1 hunting sling?
You hit the orc priest!
The orc priest is severely wounded.
* * * LOW HITPOINT WARNING * * *
You feel very sick.
The orc wizard hits you with a +0 dagger.
* * * LOW HITPOINT WARNING * * *
The orc hits you from afar with a +0 trident.
* * * LOW HITPOINT WARNING * * *
Unknown command.
You hit the orc priest!
You kill the orc priest!
You die...

# #.............#
...............########
...####................#
... ####......########
.... #......# ....
#......# #......#
#...<..# #.....@#
#....o)# #####.(o #....
#...(( #...... #.......
#.(......


You could see an orc wizard and an orc.

Vanquished Creatures
  A scorpion (D:4)
  An orc priest (D:4)
  8 adders
  2 worms (D:3)
  2 dart slugs
  3 orcs (D:4)
  5 ball pythons
  10 endoplasms
  9 giant cockroaches
  6 hobgoblins
  3 jackals (D:2)
  2 quokkas
  3 bats
  4 frilled lizards
  5 goblins
  A kobold (D:1)
  4 rats
69 creatures vanquished.

Vanquished Creatures (others)
  4 plants (D:3)
4 creatures vanquished.

Grand Total: 73 creatures vanquished

Notes
Turn   | Place    | Note
-------+----------+-------------------------------------------
     0 | D:1      | Jamsdnucbuo the Minotaur Hunter began the quest for the
                  | Orb.
     0 | D:1      | Reached XP level 1. HP: 18/18 MP: 0/0
    40 | D:1      | Found a faded altar of an unknown god.
   162 | D:1      | Reached XP level 2. HP: 25/25 MP: 1/1
   729 | D:1      | Reached skill level 5 in Slings
   939 | D:2      | Found a shimmering altar of Xom.
   992 | D:2      | Reached skill level 1 in Armour
  1054 | D:2      | Reached XP level 3. HP: 30/30 MP: 2/2
  1292 | D:2      | Reached XP level 4. HP: 38/38 MP: 3/3
  2009 | D:3      | Reached skill level 6 in Slings
  2343 | D:3      | Noticed Sigmund
  2652 | D:4      | Reached XP level 5. HP: 45/45 MP: 4/4
  2822 | D:4      | HP: 3/69 [orc (1)]
  2823 | D:4      | Succumbed to a scorpion's poison

Illustrated notes

Levels and vault maps discovered:
D:1:      nzn_arrival_settlement, layout_basic,
          hellmonk_ecumenical_altar_lost_god, minmay_cupped
D:2:      layout_loops_ring, basic_altar, fountainhead, patterned_corridor
D:3:      layout_basic, serial_bayou_ford_a, uniq_sigmund
D:4:      layout_basic, lemuel_temple_firewalk_b

Skill      XL: |  1  2  3  4 |
---------------+-------------+-----
Slings         | 5 6 |  6.7
Armour         | 1 |  1.8
Fighting       | 3 |  3.7
Dodging        | |  2.3
Stealth        | |  0.7

Action                   |  1- 3 |  4- 6 || total
-------------------------+-------+-------++-------
Melee: Hunting sling     |       |     2 ||     2
 Fire: Hunting sling     |    89 |    91 ||   180
  Use: Scroll            |     2 |     3 ||     5
       Potion            |       |     1 ||     1
Armor: Leather armour    |     5 |     9 ||    14
Dodge: Dodged            |    18 |    23 ||    41

Table legend: (Time is in decaauts)
 A = Elapsed time spent in this place.
 B = Non-inter-level travel time spent in this place.
 C = Inter-level travel time spent in this place.
 D = Time resting spent in this place.
 E = Time spent auto-exploring this place.
 F = Levels seen in this place.
 G = Mean time per level.
                   A        B        C        D        E       F      G
               +--------+--------+--------+--------+--------+-----+--------+
         Total |   2806 |   2718 |     88 |      2 |   2298 |   4 |  701.5 |
       Dungeon |   2806 |   2718 |     88 |      2 |   2298 |   4 |  701.5 |
               +--------+--------+--------+--------+--------+-----+--------+

Top non-repeatable levels by time:
     D:2: 1008 daAuts
     D:1: 897 daAuts
     D:3: 471 daAuts
     D:4: 428 daAuts
